 Dungeon Crawl Stone Soup version 0.27-a0-1193-g8631133539 (webtiles) character file.

Game seed: 2144396458065617406

55 leviel the Skirmisher (level 3, -2/33 HPs)
             Began as a Hill Orc Fighter on May 25, 2021.
             Slain by a river rat (7 damage)
             ... on level 3 of the Dungeon.
             The game lasted 00:01:56 (1844 turns).

leviel the Skirmisher (Hill Orc Fighter)            Turns: 1844, Time: 00:01:57

Health: -2/33      AC:  7    Str: 19    XL:     3   Next: 93%
Magic:  3/3        EV:  7    Int:  8    God:
Gold:   84         SH:  9    Dex: 16    Spells: 2/2 levels left

rFire    . . .     SeeInvis .   a - +0 war axe
rCold    . . .     Faith    .   c - +0 kite shield
rNeg     . . .     Spirit   .   b - +0 scale mail
rPois    .         Reflect  .   (no helmet)
rElec    .         Harm     .   (no cloak)
rCorr    .         Rampage  .   (no gloves)
Will     .....                  (no boots)
Stlth    ..........             (no amulet)
HPRegen  0.11/turn              i - +6 ring of dexterity
MPRegen  0.08/turn              (no ring)

@: no status effects
A: no striking features
a: no special abilities


You were on level 3 of the Dungeon.
You visited 1 branch of the dungeon, and saw 3 of its levels.

You collected 84 gold pieces.

Inventory:

Hand Weapons
 a - a +0 war axe (weapon)
Missiles
 e - 8 javelins (quivered)
Armour
 b - a +0 scale mail (worn)
 c - a +0 kite shield (worn)
Jewellery
 i - a +6 ring of dexterity (left hand)
Scrolls
 f - a scroll of torment {unknown}
 l - 2 scrolls of teleportation
Potions
 d - a potion of might
 j - a potion of berserk rage {unknown}
 k - 2 potions of curing {unknown}
 m - 2 potions of cancellation {unknown}


   Skills:
 + Level 4.2 Fighting
 * Level 3.8 Axes
 + Level 3.8 Armour
 + Level 3.7 Shields


You had 2 spell levels left.
You didn't know any spells.
Your spell library was empty.

Dungeon Overview and Level Annotations

Branches:
Dungeon (3/15)

Altars:

Portals:
Sewer: D:3


Message History

Your shield prevents you from hitting the river rat.
You block the river rat's attack.
You hit the river rat.
The river rat is lightly wounded.
You block the river rat's attack. The river rat bites you!
You are too injured to fight recklessly!
You are too injured to fight recklessly!
You are too injured to fight recklessly!
You are too injured to fight recklessly!
You are too injured to fight recklessly!
You are too injured to fight recklessly!
You are too injured to fight recklessly!
You are too injured to fight recklessly!
You are too injured to fight recklessly!
You are too injured to fight recklessly!
You are too injured to fight recklessly!
You are too injured to fight recklessly!
You are too injured to fight recklessly!
You are too injured to fight recklessly!
You are too injured to fight recklessly!
You are too injured to fight recklessly!
Unknown command.
You are too injured to fight recklessly!
You closely miss the river rat.
The river rat is lightly wounded.
The river rat bites you.
You hit the river rat.
The river rat is moderately wounded.
The river rat barely misses you. The river rat bites you.
You hit the river rat.
The river rat is severely wounded.
You block the river rat's attack. The rat bites you.
You closely miss the river rat.
The river rat is severely wounded.
You hit the rat.
You kill the rat!
The river rat bites you!
* * * LOW HITPOINT WARNING * * *
The river rat bites you!
You die...

∩≈≈..# .#.#
≈≈..#..#.#
≈........# #
.......## #.
.........
#..######.#......
#.......r.=...#
#.....†@).#
#.........#
#....<....#
#...[.....#
#.........#
#.........#
#.........#
###########


You could see a river rat.

Vanquished Creatures
  An adder (D:2)
  A river rat (D:3)
  3 dart slugs
  5 endoplasms
  2 goblins
  2 hobgoblins (D:2)
  2 jackals (D:1)
  3 ball pythons
  3 bats
  2 frilled lizards
  2 kobolds
  7 rats
33 creatures vanquished.

Vanquished Creatures (others)
  39 plants (D:2)
39 creatures vanquished.

Grand Total: 72 creatures vanquished

Notes
Turn   | Place    | Note
-------+----------+-------------------------------------------
     0 | D:1      | leviel the Hill Orc Fighter began the quest for the Orb.
     0 | D:1      | Reached XP level 1. HP: 19/19 MP: 1/1
   262 | D:1      | Reached XP level 2. HP: 24/27 MP: 2/2
   880 | D:2      | Reached skill level 4 in Fighting
   979 | D:2      | Reached XP level 3. HP: 29/33 MP: 3/3
  1418 | D:2      | Found a faded altar of an unknown god.
  1837 | D:3      | Found a glowing drain.
  1844 | D:3      | Slain by a river rat

Illustrated notes

Levels and vault maps discovered:
D:1:      grunt_arrival_lava_bath, layout_basic
D:2:      layout_basic, ebering_ecumenical_altar_webs, serial_bayou_lagoon_a,
          hangedman_decor_slide_cut
D:3:      layout_rooms, serial_shops, nicolae_shop_behind_doors,
          portal_sewer_entry_a, serial_corexii_hall,
          chequers_hall_statues_corner_a, corexii_hall_statues_t,
          corexii_hall_statues_t, corexii_hall_statues_l

Skill      XL: |  1  2 |
---------------+-------+-----
Axes           | 3 |  3.8
Fighting       | 4 |  4.2
Armour         | |  3.8
Shields        | |  3.7

Action                   || total
-------------------------++-------
Melee: War axe           ||   118
  Use: Scroll            ||     4
Armor: Scale mail        ||    51
Dodge: Dodged            ||    49
Block: Kite shield       ||    74

Table legend: (Time is in decaauts)
 A = Elapsed time spent in this place.
 B = Non-inter-level travel time spent in this place.
 C = Inter-level travel time spent in this place.
 D = Time resting spent in this place.
 E = Time spent auto-exploring this place.
 F = Levels seen in this place.
 G = Mean time per level.
                   A        B        C        D        E       F      G
               +--------+--------+--------+--------+--------+-----+--------+
         Total |   1918 |   1894 |     24 |    219 |   1370 |   3 |  639.3 |
       Dungeon |   1918 |   1894 |     24 |    219 |   1370 |   3 |  639.3 |
               +--------+--------+--------+--------+--------+-----+--------+

Top non-repeatable levels by time:
     D:2: 986 daAuts
     D:1: 899 daAuts
     D:3: 33 daAuts
